 Dungeon Crawl Stone Soup version 0.26.1-11-gd32895ea62 (webtiles) character file.

Game seed: 17906460110724570476

3362 Descartes the Blocker (level 10, -16/63 HPs)
             Began as an Octopode Fighter on May 4, 2021.
             Was an Initiate of Gozag.
             Killed from afar by a smoke demon (31 damage)
             ... with a ball of steam
             ... summoned by a kobold demonologist
             ... in a bailey.
             The game lasted 00:21:27 (9962 turns).

Descartes the Blocker (Octopode Fighter)            Turns: 9962, Time: 00:21:27

Health: -16/63     AC:  1    Str: 16    XL:     10   Next: 3%
Magic:  18/18      EV: 14    Int: 11    God:    Gozag
Gold:   293        SH: 14    Dex: 14    Spells: 9/9 levels left

rFire    x . .     SeeInvis .   e - +2 whip (venom)
rCold    + + .     Faith    .   b - +1 kite shield
rNeg     + . .     Spirit   .   (helmet restricted)
rPois    .         Reflect  .   P - amulet of regeneration
rElec    .         Harm     .   j - ring of protection from cold
rCorr    .         Rampage  .   q - ring of positive energy
Will     .....     Clarity  +   y - ring of magical power
Stlth    +++.......             D - ring of ice
HPRegen  0.60/turn              c - ring of flight
MPRegen  0.16/turn              K - ring of wizardry
                                (no ring)
                                (no ring)

@: no status effects
A: almost no armour, stealthy swim, amphibious, 8 rings, constrict 8, camouflage
1, clarity, low mp 1, gelatinous body 1
a: Renounce Religion, Evoke Flight, Potion Petition, Call Merchant, Bribe Branch


You were in a bailey.
You worshipped Gozag.
Gozag was aware of your devotion.
You visited 2 branches of the dungeon, and saw 9 of its levels.
You also visited: Bailey.

You collected 475 gold pieces.
You spent 84 gold pieces at shops.
You paid 98 gold pieces to Gozag.

Inventory:

Hand Weapons
 a - a +1 war axe
 e - a +2 whip of venom (weapon)
 H - a +2 quarterstaff of chaos
 R - a +2 shortbow of freezing
Missiles
 m - 155 stones (quivered)
 r - 113 arrows
 s - 37 sling bullets
 u - 71 bolts
 F - 3 silver boomerangs
 N - 9 boomerangs
 S - 23 poisoned darts
 U - 4 javelins
Armour
 b - a +1 kite shield (worn)
Jewellery
 c - a ring of flight (on tentacle)
 j - a ring of protection from cold (left tentacle)
 q - a ring of positive energy (right tentacle)
 y - a ring of magical power (on tentacle)
 B - an uncursed ring of wizardry
 D - a ring of ice (on tentacle)
 K - a ring of wizardry (on tentacle)
 P - an amulet of regeneration (around mantle)
Wands
 A - a wand of paralysis (10)
 E - a wand of iceblast (10)
 I - a wand of polymorph (9)
 J - a wand of random effects (20)
 Q - a wand of digging (2)
Scrolls
 f - 4 scrolls of teleportation
 g - 3 scrolls of enchant weapon
 h - 2 scrolls of amnesia
 k - a scroll of immolation
 p - 2 scrolls of remove curse
 v - a scroll of blinking
 M - a scroll of fog
Potions
 d - 2 potions of mutation
 l - 2 potions of lignification
 n - 2 potions of brilliance
 t - 3 potions of attraction
 w - a potion of haste
 z - a potion of berserk rage
 C - a potion of cancellation
 G - a potion of magic
 L - a potion of resistance


   Skills:
 - Level 3.3 Fighting
 - Level 2.4 Axes
 - Level 3.1 Dodging
 - Level 0.4 Stealth
 + Level 13.4 Shields


You had 9 spell levels left.
You didn't know any spells.
Your spell library was empty.

Dungeon Overview and Level Annotations

Branches:
Dungeon (8/15)             Temple (1/1) D:7            Lair (0/6) D:8
 Bailey (1/1)

Altars:
Ashenzari
Cheibriados
Dithmenos
Elyvilon
Fedhas
Gozag
Hepliaklqana
Makhleb
Nemelex Xobeh
Okawaru
Qazlal
Ru
Sif Muna
Trog
Uskayaw
Vehumet
Wu Jian
Xom
Yredelemnul
Zin
The Shining One

Shops:
D:5 }!(   D:6 }   D:7 *   D:8 [


Innate Abilities, Weirdness & Mutations

You cannot wear most types of armour.
You are very stealthy in the water. (Stealth+)
You are amphibious.
You can wear up to eight rings at the same time.
You can use your tentacles to constrict eight enemies at once.
Your skin changes colour to match your surroundings (Stealth+).
Your rubbery body absorbs attacks. (AC +1, EV +1)
You possess an exceptional clarity of mind.
Your magical capacity is low. (-10% MP)


Message History

The kobold demonologist casts a spell.
The kobold demonologist hits you with a +0 war axe!
The kobold demonologist mumbles some strange words.
The smoke demon gestures at you. Something smites you!
The kobold demonologist gestures wildly while chanting.
The smoke demon gestures at you. You block the sticky flame.
The smoke demon gestures at you. Something smites you!
The smoke demon gestures at you. Something smites you!
The smoke demon gestures at you. The ball of steam misses you.
You are engulfed in a cloud of scalding steam.
* * * LOW HITPOINT WARNING * * *
The smoke demon gestures at you. The ball of steam hits you!!
The steam scalds you terribly!
You die...
Your body crumbles into a pile of gold.

....#
+..............#
._..#
.'..........∩..∩#
....#
g..............#
....#
#.≈≈≈≈≈......###
..K.# ###
#.≈≈≈≈≈......#
.$..#....
#.≈≈≈≈≈.######
....#.... #.≈§§§≈≈#
#..5....######§§≈≈≈#
'o8.8.8.#....#≈§@≈≈#
#.......#....#≈§§≈≈#
#'#######..#'#§§≈≈≈#
......goK..#.#§§≈≈≈#
≈≈≈≈≈5K4######3≈≈≈≈#
≈≈≈≈≈≈≈≈≈33≈§≈≈≈≈≈≈#
≈≈≈≈≈≈≈≈≈≈≈≈≈≈≈≈≈≈≈#
≈≈≈≈≈≈≈≈≈≈≈≈≈≈≈≈≈≈≈#
≈≈≈≈≈≈≈≈≈≈≈≈≈≈≈≈≈≈≈#


You could see a goblin (wandering).

Vanquished Creatures
  Pikel (D:6)
  Duvessa (D:5)
  A phantom (D:8)
  An ice beast (D:7)
  A necrophage (D:6)
  6 orc warriors
  3 ogres
  3 centaurs
  A lemure (D:6)
  3 bullfrogs
  A gnoll sergeant (D:8)
  3 scorpions
  Dowan (D:5)
  A quasit (D:6)
  4 hounds
  4 orc priests
  2 centaur skeletons
  Crazy Yiuf (D:4)
  4 iguanas
  3 worker ants
  6 orc wizards
  7 gnolls
  10 adders
  A shadow imp (D:7)
  4 white imps
  3 ufetubi
  2 oozes
  2 adder skeletons
  4 worms
  4 leopard geckos
  22 orcs
  5 bats
  10 giant cockroaches
  9 goblins
  13 hobgoblins
  2 jackals (D:5)
  5 quokkas
  4 ball pythons
  A ball python skeleton (D:4)
  4 frilled lizards
  7 kobolds
  A leopard gecko skeleton (D:4)
  A leopard gecko zombie (D:7)
  A quokka skeleton (D:5)
  4 rats
  A bush (D:2)
178 creatures vanquished.

Vanquished Creatures (others)
  5 fungi
  3 plants (D:2)
8 creatures vanquished.

Grand Total: 186 creatures vanquished

Notes
Turn   | Place    | Note
-------+----------+-------------------------------------------
     0 | D:1      | Descartes the Octopode Fighter began the quest for the Orb.
     0 | D:1      | Reached XP level 1. HP: 16/16 MP: 1/1
   221 | D:1      | Reached XP level 2. HP: 21/21 MP: 2/2
   674 | D:2      | Reached XP level 3. HP: 13/26 MP: 3/3
   896 | D:2      | Reached skill level 4 in Shields
   996 | D:2      | Reached XP level 4. HP: 29/31 MP: 4/4
  1185 | D:2      | Gained mutation: Your magical capacity is low. (-10% MP)
                  | [potion of mutation]
  1185 | D:2      | Gained mutation: You possess an exceptional clarity of
                  | mind. [potion of mutation]
  1499 | D:2      | Found a stormy altar of Qazlal.
  1752 | D:2      | Found a blossoming altar of Fedhas.
  1848 | D:2      | Found a broken altar of Ashenzari.
  2374 | D:3      | Reached XP level 5. HP: 31/36 MP: 4/4
  2551 | D:3      | Reached skill level 5 in Shields
  3745 | D:4      | Noticed an ogre
  3748 | D:4      | Reached skill level 6 in Shields
  3748 | D:4      | Reached XP level 6. HP: 42/42 MP: 5/5
  4189 | D:4      | Reached skill level 7 in Shields
  4252 | D:4      | Reached XP level 7. HP: 16/46 MP: 6/6
  4597 | D:4      | Found a basalt altar of Yredelemnul.
  4694 | D:4      | Found an iron altar of Okawaru.
  4907 | D:4      | Found a runed translucent door.
  4908 | D:4      | Noticed Crazy Yiuf
  5099 | D:4      | Killed Crazy Yiuf
  5196 | D:5      | Entered Level 5 of the Dungeon
  5209 | D:5      | Noticed Dowan
  5211 | D:5      | Noticed Duvessa
  5217 | D:5      | Killed Dowan
  5225 | D:5      | Killed Duvessa
  5225 | D:5      | HP: 1/46 [orc priest/divine providence (9)]
  5226 | D:5      | Reached skill level 8 in Shields
  5763 | D:5      | Found a sparkling altar of Nemelex Xobeh.
  6013 | D:5      | Reached skill level 9 in Shields
  6013 | D:5      | Reached XP level 8. HP: 50/52 MP: 7/7
  6056 | D:5      | Found Mounugarch's Antique Weapon Shoppe.
  6300 | D:5      | Found Jeuss's Gadget Shoppe.
  6513 | D:5      | Found Kaoplaum's Distillery.
  6518 | D:5      | Bought a potion of lignification for 42 gold pieces
  6518 | D:5      | Bought a potion of curing for 42 gold pieces
  6842 | D:5      | HP: 1/52 [bullfrog (8)]
  7151 | D:6      | Reached skill level 10 in Shields
  7178 | D:6      | Found a shimmering altar of Xom.
  7645 | D:6      | Noticed Pikel
  7658 | D:6      | Killed Pikel
  7659 | D:6      | Reached skill level 11 in Shields
  7659 | D:6      | Reached XP level 9. HP: 36/57 MP: 8/8
  7712 | D:6      | Found Puesaucs's Gadget Shoppe.
  8277 | D:7      | Found Moizap's Assorted Antiques.
  8335 | D:7      | Found a staircase to the Ecumenical Temple.
  8349 | Temple   | Entered the Ecumenical Temple
  8463 | Temple   | Became a worshipper of Gozag Ym Sagoz the Greedy
  8536 | D:7      | Reached skill level 12 in Shields
  9258 | D:8      | Found Culek's Armour Emporium.
  9419 | D:8      | Reached skill level 13 in Shields
  9649 | D:8      | Found a flagged portal.
  9744 | Bailey   | Entered a bailey
  9785 | Bailey   | Reached XP level 10. HP: 49/63 MP: 9/9
  9836 | Bailey   | Found an iron altar of Okawaru.
  9836 | Bailey   | Noticed a kobold demonologist
  9836 | Bailey   | Noticed a kobold demonologist
  9836 | Bailey   | Noticed an orc knight
  9946 | Bailey   | Noticed a rust devil
  9948 | Bailey   | Noticed a smoke demon
  9962 | Bailey   | Killed from afar by a smoke demon

Illustrated notes

Levels and vault maps discovered:
D:1:      saegor_arrival_simple_c, layout_loops_ring
D:2:      layout_loops_ring, grunt_temple_overflow_forces_of_nature,
          lemuel_coloured_pillars_altar, serial_forest,
          infiniplex_forest_clump_double, infiniplex_forest_clump_long,
          infiniplex_forest_lined_2, infiniplex_forest_end_3,
          infiniplex_forest_straight_2, infiniplex_forest_clump_long,
          minmay_tetromino_l2
D:3:      layout_loops_corners, chequers_serial_rivers_large_a
D:4:      layout_rooms, kennysheep_mini, serial_aquarium,
          aquarium_bridge_straight [aquarium_subvault_bridge,
          aquarium_subvault_wall, aquarium_subvault_bridge,
          aquarium_subvault_window], aquarium_window_fake, aquarium_window_fake,
          aquarium_view_2c, aquarium_view_2d, aquarium_balcony_double_1,
          aquarium_pool_2, kennysheep_okawaru_gauntlet, uniq_crazy_yiuf_cottage
D:5:      layout_gridville, serial_shops, nicolae_shop_behind_doors, shop, shop,
          nemelex_dance_club_becter, uniq_duvessa
D:6:      layout_layer_cave, nicolae_overflow_crystal_walls, serial_shops, shop,
          minmay_chambers_of_fives, uniq_pikel
D:7:      layout_cave_pools, minmay_temple_entry_gardened_gates, serial_shops,
          nicolae_shop_waterfront
D:8:      layout_basic, lair_entry_dummy, enter_bailey_8, serial_shops, shop
Temple:   regret_index_temple_waves
Bailey:   bailey_axe_of_yendor_kennysheep, bailey

Skill      XL: |  1  2  3  4  5  6  7  8  9 |
---------------+----------------------------+-----
Shields        | 4 6 7 9 11 13 | 13.4
Fighting       | |  3.3
Axes           | |  2.4
Dodging        | |  3.1
Stealth        | |  0.4

Action                   |  1- 3 |  4- 6 |  7- 9 | 10-12 || total
-------------------------+-------+-------+-------+-------++-------
Melee: War axe           |    42 |    14 |       |       ||    56
       Tentacles         |     5 |    39 |    83 |     1 ||   128
       Constrict         |     5 |    35 |    68 |     3 ||   111
       Whip              |       |   141 |   365 |    11 ||   517
  Use: Scroll            |       |     5 |    17 |       ||    22
       Potion            |       |     1 |     9 |       ||    10
 Stab: Sleeping          |    10 |    13 |     6 |       ||    29
Armor: Skin              |     1 |     7 |     7 |       ||    15
Dodge: Dodged            |    13 |    55 |   202 |     3 ||   273
Block: Kite shield       |    16 |    35 |   289 |    10 ||   350
